 Dungeon Crawl Stone Soup version 0.28-a0-1002-gf00fe891ef (webtiles) character file.

Game seed: 5542266715975916117

3612 Gwenloh the Grappler (level 9, -2/83 (92) HPs)
             Began as a Troll Transmuter on Dec 6, 2021.
             Was a Believer of Uskayaw.
             Slain by Psyche (6 damage)
             ... on level 8 of the Dungeon.
             The game lasted 00:20:02 (6927 turns).

Gwenloh the Grappler (Troll Transmuter)             Turns: 6927, Time: 00:20:05

HP:   -2/83 (92)    AC:  0    Str: 20    XL:     9   Next: 86%
MP:   9/12          EV: 14    Int: 13    God:    Uskayaw [**....]
Gold: 269           SH:  0    Dex: 10    Spells: 11/14 levels left

rFire   . . .      SeeInvis .     - Unarmed
rCold   . . .      Faith    .   (shield currently unavailable)
rNeg    . . .      Spirit   .   (armour currently unavailable)
rPois   .          Reflect  .   (helmet currently unavailable)
rElec   .          Harm     .   (cloak currently unavailable)
rCorr   .          Rampage  .   (gloves unavailable)
Will    .....                   (boots unavailable)
Stlth   +.........              (no amulet)
HPRegen 1.03/turn               (ring currently unavailable)
MPRegen 0.13/turn               (ring currently unavailable)

@: lethally poisoned (-2 -> -2), pig-form, drained, very quick
A: fast, no casting, small, unfitting armour, (claws 3), regeneration 1, (shaggy
fur 1), (tough skin 1)
a: Renounce Religion, Stomp, Line Pass


You were on level 8 of the Dungeon.
You worshipped Uskayaw.
Uskayaw was noncommittal.
You were a filthy swine.
You visited 2 branches of the dungeon, and saw 9 of its levels.

You collected 425 gold pieces.
You spent 156 gold pieces at shops.

Inventory:

Hand Weapons
 y - a +0 giant spiked club of venom
Missiles
 d - 291 stones (quivered)
 s - a throwing net
Armour
 a - a +0 robe
 x - a +0 cloak (melded)
 F - +0 steam dragon scales (melded)
Jewellery
 e - a ring of ice
 v - a +6 ring of strength
 D - a ring of see invisible
Wands
 i - a wand of digging (4)
Scrolls
 b - 2 scrolls of immolation
 c - 2 scrolls of magic mapping
 g - 5 scrolls of teleportation
 l - a scroll of enchant armour
 m - a scroll of brand weapon
 n - 2 scrolls of summoning
 q - a scroll of fear
 r - 2 scrolls of amnesia
 A - a scroll of enchant weapon {unknown}
 B - a scroll of blinking {unknown}
 C - a scroll of holy word {unknown}
Potions
 f - 5 potions of haste {unknown}
 h - 2 potions of ambrosia {unknown}
 j - a potion of invisibility {unknown}
 k - 3 potions of degeneration {unknown}
 o - 2 potions of mutation {unknown}
 p - 5 potions of brilliance {unknown}
 u - a potion of might
 w - 2 potions of curing
 z - a potion of berserk rage {unknown}
 E - a potion of heal wounds


   Skills:
 * Level 6.8 Fighting
 - Level 1.5 Dodging
 * Level 8.9 Unarmed Combat
 - Level 3.2 Spellcasting
 + Level 4.5 Transmutations
 + Level 2.4 Invocations


You had 11 spell levels left.
You knew the following spells:

 Your Spells              Type           Power      Damage    Failure   Level
a - Beastly Appendage     Tmut           26%        N/A       3%          1
b - Wereblood             Tmut           13%        N/A       5%          2

Your spell library contained the following spells:

 Spells                   Type           Power      Damage    Failure   Level
 Magic Dart               Conj           8%         1d3       22%         1
 Shock                    Conj/Air       8%         1d3       22%         1
 Spider Form              Tmut/Pois      8%         N/A       26%         3
 Call Imp                 Summ           2%         N/A       34%         2
 Corpse Rot               Necr/Air       4%         N/A       34%         2
 Poisonous Vapours        Pois/Air       4%         N/A       34%         2
 Ignite Poison            Fire/Tmut/Pois 6%         N/A       34%         3
 Conjure Flame            Conj/Fire      2%         6-21      56%         3
 Mephitic Cloud           Conj/Pois/Air  2%         N/A       56%         3
 Swiftness                Air            2%         N/A       56%         3
 Ice Form                 Ice/Tmut       8%         N/A       65%         4
 Airstrike                Air            1%         N/A       92%         4
 Sticky Flame             Conj/Fire      2%         2d3       92%         4


Dungeon Overview and Level Annotations

Branches:
Dungeon (8/15)             Temple (1/1) D:4
   Lair: D:8-11

Altars:
Ashenzari
Cheibriados
Dithmenos
Fedhas
Gozag
Hepliaklqana
Makhleb
Nemelex Xobeh
Okawaru
Qazlal
Ru
Sif Muna
Trog
Uskayaw
Vehumet
Wu Jian
Xom
Yredelemnul
Zin
The Shining One

Shops:
D:7 !

Annotations:
D:8 Psyche


Innate Abilities, Weirdness & Mutations

You are a filthy swine.
You move quickly.
Your equipment is almost entirely melded.
You are incapable of wielding weapons or throwing items.
You cannot cast spells.
You are too large for most types of armour.
((You have claws for hands.))
Your natural rate of healing is unusually fast.
((You are covered in fur. (AC +1)))
((You have tough skin. (AC +1)))


Message History

You hit something. Something hits you. Something freezes you.
You hit something. Something hits you.
Something tries to affect you, but you resist.
You closely miss something.
You hear some strange, mumbled words.
Something tries to affect you, but you resist.
You miss something. Something barely misses you.
You barely miss something. Something hits you!
Something tries to affect you, but you resist.
You hit something. Something hits you!
You are poisoned.
Something barely misses you.
You barely miss something.
You feel very sick. Something completely misses you.
You barely miss something.
You feel sick. Something hits you. Something burns you.
You closely miss something.
You feel sick.
You hear some strange, mumbled words.
A swirling arc of seething chaos appears!
An arc of chaos appears from out of thin air!
The arc of chaos hits you.
The arc of chaos grounds out.
You hit something.
You feel sick. Something barely misses you.
You can now pass through a line of other dancers.
You miss something.
You feel sick. Something hits you!
You feel drained.
You closely miss something.
You feel sick. Something hits you.
You are electrocuted!!
* * * LOW HITPOINT WARNING * * *
You completely miss something. Something hits you.
* * * LOW HITPOINT WARNING * * *
You feel drained.
* * * LOW HITPOINT WARNING * * *
You hit something.
You feel sick.
You hear some strange, mumbled words.
A swirling arc of seething chaos appears!
An arc of chaos appears from out of thin air!
The arc of chaos hits you.
You feel drained.
* * * LOW HITPOINT WARNING * * *
Something hits you.
You die...

####### #### ......#
#..
#####.##########.###
##.#.#.#.#.#.#.#.##
###..............รท..##
..##.#.#.#.#.#.#.#<#.#
#.#............{h.[..#
...#.#.#.#.#.#.#.#.#.#
##.........@.........#
###.#.#.#.#.#.#.#.#....
#####.###########.###
#+# .# # .# # .. #


There were no monsters in sight!

Vanquished Creatures
  Pikel (D:6)
  Sigmund (D:2)
  A steam dragon (D:8)
  Menkaure (D:4)
  Duvessa (D:7)
  A hornet zombie (D:6)
  3 ice beasts
  An orc warrior (D:7)
  2 sky beasts
  2 black bears
  A necrophage (D:7)
  An ogre (D:6)
  A centaur (D:7)
  3 phantoms
  2 lemures (D:6)
  A kobold brigand (D:5)
  3 bullfrogs (D:7)
  2 scorpions
  A water moccasin zombie (D:7)
  3 water moccasin skeletons
  Dowan (D:7)
  A killer bee (D:8)
  A centaur skeleton (D:6)
  A centaur zombie (D:5)
  3 hounds
  An orc priest (D:3)
  2 bullfrog skeletons
  4 iguanas
  3 orc wizards
  A hound zombie (D:5)
  A howler monkey zombie (D:6)
  8 adders
  A shadow imp (D:6)
  2 ufetubi
  A worm (D:4)
  A dart slug (D:1)
  7 orcs
  5 ball pythons
  5 bats
  6 endoplasms
  3 giant cockroaches
  6 goblins
  10 hobgoblins
  4 quokkas
  A frilled lizard (D:3)
  17 kobolds
  7 rats
135 creatures vanquished.

Vanquished Creatures (collateral kills)
  A kobold brigand (D:7)
  An orc (D:7)
  9 kobolds (D:7)
11 creatures vanquished.

Vanquished Creatures (others)
  37 plants (D:7)
37 creatures vanquished.

Grand Total: 183 creatures vanquished

Notes
Turn   | Place    | Note
-------+----------+-------------------------------------------
     0 | D:1      | Gwenloh the Troll Transmuter began the quest for the Orb.
     0 | D:1      | Reached XP level 1. HP: 18/18 MP: 1/1
    92 | D:1      | Reached skill level 1 in Fighting
   166 | D:1      | Found a faded altar of an unknown god.
   212 | D:1      | Reached XP level 2. HP: 27/27 MP: 2/2
   218 | D:1      | Learned a level 2 spell: Wereblood
   900 | D:2      | Reached XP level 3. HP: 33/33 MP: 4/4
  1050 | D:2      | You fall into a shaft and drop 1 floor!
  1140 | D:2      | Noticed Sigmund
  1149 | D:2      | Killed Sigmund
  1150 | D:2      | Reached skill level 4 in Unarmed Combat
  1150 | D:2      | Reached XP level 4. HP: 5/44 MP: 3/5
  1150 | D:2      | Reached XP level 5. HP: 5/50 MP: 3/6
  1856 | D:3      | Reached XP level 6. HP: 26/59 MP: 7/7
  2706 | D:4      | Noticed Menkaure
  2763 | D:4      | Killed Menkaure
  2764 | D:4      | Reached skill level 5 in Unarmed Combat
  3009 | D:4      | Found a staircase to the Ecumenical Temple.
  3114 | Temple   | Entered the Ecumenical Temple
  3540 | Temple   | Became a worshipper of Uskayaw the Reveller
  3598 | D:5      | Entered Level 5 of the Dungeon
  3668 | D:5      | Reached * piety under Uskayaw
  3676 | D:5      | Reached ** piety under Uskayaw
  3677 | D:5      | Reached XP level 7. HP: 65/65 MP: 7/9
  4163 | D:5      | Reached *** piety under Uskayaw
  4164 | D:5      | Reached skill level 6 in Unarmed Combat
  4218 | D:5      | Reached XP level 8. HP: 63/79 MP: 10/10
  4397 | D:6      | Reached **** piety under Uskayaw
  4402 | D:6      | Reached ***** piety under Uskayaw
  4547 | D:6      | Reached skill level 5 in Fighting
  4598 | D:6      | Noticed Pikel
  4627 | D:6      | Killed Pikel
  4628 | D:6      | Reached skill level 7 in Unarmed Combat
  4628 | D:6      | Reached XP level 9. HP: 28/88 MP: 7/12
  5514 | D:7      | Reached skill level 8 in Unarmed Combat
  5514 | D:7      | Reached skill level 1 in Invocations
  5906 | D:7      | Noticed Duvessa
  5906 | D:7      | Noticed Dowan
  5914 | D:7      | Found Comouq's Distillery.
  5919 | D:7      | Killed Duvessa
  5933 | D:7      | Killed Dowan
  6484 | D:7      | Bought a potion of might for 52 gold pieces
  6484 | D:7      | Bought a potion of heal wounds for 65 gold pieces
  6484 | D:7      | Bought a potion of curing for 39 gold pieces
  6814 | D:8      | Noticed Psyche
  6927 | D:8      | HP: 4/83 [something/chain of chaos (4)]
  6927 | D:8      | Slain by Psyche

Illustrated notes

Levels and vault maps discovered:
D:1:      eino_arrival_water_star, layout_loops_corners,
          chequers_ecumenical_altar_simple_redux,
          hangedman_abyss_or_decor_stabs, hex_large
D:2:      layout_basic, hangedman_decor_growths, uniq_sigmund
D:3:      layout_loops_ring
D:4:      layout_cave_pools, minmay_temple_entry_trees, minmay_vboxes,
          uniq_menkaure
D:5:      layout_basic, serial_park_tiny_1
D:6:      kb_forest_paths, layout_basic, uniq_pikel
D:7:      kennysheep_kobold_camp, layout_cave_pools, serial_shops,
          nicolae_inconvenience_store, minmay_misc_feat_hallway, uniq_duvessa
D:8:      layout_loops_corners, small_statue_intersection, st_stairs_12,
          water_maze_lemuel, uniq_prince_ribbit1, uniq_joseph, uniq_psyche
Temple:   mainiacjoe_temple_big_plus

Skill      XL: |  1  2  3  4  5  6  7  8  9 |
---------------+----------------------------+-----
Fighting       | 1 2 3 4 5 6 |  6.8
Unarmed Combat | 4 5 6 7 8 |  8.9
Transmutations | 2 3 4 |  4.5
Spellcasting   | 2 3 |  3.2
Invocations    | 2 |  2.4
Dodging        | |  1.5

Action                   |  1- 3 |  4- 6 |  7- 9 || total
-------------------------+-------+-------+-------++-------
Melee: Unarmed           |    68 |   120 |   336 ||   524
       Kick              |     2 |       |       ||     2
       Headbutt          |       |     1 |       ||     1
       Punch             |       |       |    11 ||    11
Throw: Stone             |    28 |    96 |    90 ||   214
 Cast: Beastly Appendage |     1 |       |       ||     1
       Wereblood         |       |     2 |     9 ||    11
Invok: Stomp             |       |       |     4 ||     4
       Line Pass         |       |       |     1 ||     1
  Use: Scroll            |       |       |    10 ||    10
 Stab: Paralysed         |       |       |     5 ||     5
       Sleeping          |       |       |     1 ||     1
Armor: Robe              |    18 |    19 |   104 ||   141
       Steam dragon scal |       |       |     6 ||     6
Dodge: Dodged            |    21 |    42 |   136 ||   199

Table legend: (Time is in decaauts)
 A = Elapsed time spent in this place.
 B = Non-inter-level travel time spent in this place.
 C = Inter-level travel time spent in this place.
 D = Time resting spent in this place.
 E = Time spent auto-exploring this place.
 F = Levels seen in this place.
 G = Mean time per level.
                   A        B        C        D        E       F      G
               +--------+--------+--------+--------+--------+-----+--------+
         Total |   6894 |   6564 |    330 |     84 |   5150 |   9 |  766.0 |
       Dungeon |   6437 |   6171 |    266 |     84 |   4764 |   8 |  804.6 |
        Temple |    456 |    392 |     64 |      0 |    386 |   1 |  456.0 |
               +--------+--------+--------+--------+--------+-----+--------+

Top non-repeatable levels by time:
     D:7: 1176 daAuts
     D:6: 1165 daAuts
     D:3: 935 daAuts
     D:1: 894 daAuts
     D:5: 763 daAuts
     D:4: 697 daAuts
     D:2: 615 daAuts
  Temple: 456 daAuts
     D:8: 187 daAuts
